 Dungeon Crawl Stone Soup version 0.27-a0-1591-gc56fcc985a (webtiles) character file.

Game seed: 8825097631695002017

149866 Anon1729 the Fencer (level 16, -2/135 HPs)
             Began as a Minotaur Monk on July 19, 2021.
             Was the Champion of Hepliaklqana.
             Slain by a +2 halberd of protection (19 damage)
             ... on level 2 of the Elven Halls.
             The game lasted 01:07:26 (26619 turns).

Anon1729 the Fencer (Minotaur Monk)                Turns: 26619, Time: 01:07:26

Health: -2/135     AC: 24    Str: 26    XL:     16   Next: 97%
Magic:  26/26      EV: 18    Int:  9    God:    Hepliaklqana [******]
Gold:   1342       SH:  0    Dex: 21    Spells: 15/15 levels left

rFire    + + .     SeeInvis .   a - +1 great sword (elec)
rCold    + . .     Faith    .   (shield currently unavailable)
rNeg     . . .     Spirit   .   V - +4 chain mail of the Desert {rF+ Will+ Regen+ Str+4}
rPois    .         Reflect  .   (helmet restricted)
rElec    +         Harm     .   (no cloak)
rCorr    .         Rampage  .   (no gloves)
Will     +++..                  I - +2 pair of boots "Jiexo" {+Blink Int+2}
Stlth    ++++......             Q - amulet of the acrobat
HPRegen  1.32/turn              x - ring of the Yeti {rElec Will+ Dex+4}
MPRegen  0.20/turn              u - ring of Ipuz {rF+ rC+ AC+4 Dex+3 Stlth+}

@: about to teleport
A: reduced essence, horns 2, retaliatory headbutt, high mp 1
a: Renounce Religion, Evoke Blink, Recall Ancestor, Ancestor Identity,
Transference, Idealise


You were on level 2 of the Elven Halls.
You worshipped Hepliaklqana.
Hepliaklqana was exalted by your worship.
You visited 4 branches of the dungeon, and saw 25 of its levels.
You also visited: Volcano.

You collected 2491 gold pieces.
You spent 1149 gold pieces at shops.

Inventory:

Hand Weapons
 a - a +1 great sword of electrocution (weapon)
 i - the +8 rapier of Putrescence {holy, +Rage Will+ Str+4}
   (You found it on level 14 of the Dungeon)

   It has been blessed by the Shining One to cause great damage to the undead
   and demons.
   Str:       It affects your strength (+4).
   +Rage:     It lets you go berserk.
   Will:      It increases your willpower.
Missiles
 O - 4 atropa-tipped darts (quivered)
 R - a throwing net
Armour
 I - the +2 pair of boots "Jiexo" (worn) {+Blink Int+2}
   (You found it on level 9 of the Dungeon)

   Int:       It affects your intelligence (+2).
   +Blink:    It lets you blink.
 V - the +4 chain mail of the Desert (worn) {rF+ Will+ Regen+ Str+4}
   (You bought it in a shop on level 2 of the Orcish Mines)

   Str:       It affects your strength (+4).
   rF:        It protects you from fire.
   Regen:     It increases your rate of health regeneration.
   Will:      It increases your willpower.
Jewellery
 c - a ring of resist corrosion
 f - a ring of see invisible
 u - the ring of Ipuz (right hand) {rF+ rC+ AC+4 Dex+3 Stlth+}
   (You bought it in a shop on level 2 of the Orcish Mines)

   [ring of protection]

   AC:        It affects your AC (+4).
   Dex:       It affects your dexterity (+3).
   rF:        It protects you from fire.
   rC:        It protects you from cold.
   Stlth:     It makes you more stealthy.
 x - the ring of the Yeti (left hand) {rElec Will+ Dex+4}
   (You found it on level 1 of the Lair of Beasts)

   [ring of willpower]

   Dex:       It affects your dexterity (+4).
   rElec:     It insulates you from electricity.
   Will:      It increases your willpower.
 G - the ring "Gifiar" {Contam rN+ Will+ Dex+4}
   (You found it on level 8 of the Dungeon)

   [ring of willpower]

   Dex:       It affects your dexterity (+4).
   rN:        It protects you from negative energy.
   Contam:    It causes magical contamination when unequipped.
   Will:      It increases your willpower.
 N - a ring of poison resistance
 Q - an amulet of the acrobat (around neck)
Wands
 t - a wand of acid (6)
 v - a wand of paralysis (6)
 z - a wand of polymorph (30)
 A - a wand of iceblast (8)
 F - a wand of charming (23)
 H - a wand of flame (62)
 S - a wand of mindburst (23)
Scrolls
 b - a scroll of brand weapon {unknown}
 d - a scroll of silence
 k - 4 scrolls of immolation
 n - 4 scrolls of vulnerability
 o - 4 scrolls of enchant armour
 r - 4 scrolls of noise
 w - 3 scrolls of magic mapping
 y - 5 scrolls of teleportation
 E - 3 scrolls of summoning
 K - 3 scrolls of holy word
 L - 5 scrolls of enchant weapon
 P - 4 scrolls of fear
 T - a scroll of torment
 X - 13 scrolls of identify
Potions
 e - 2 potions of berserk rage
 g - 4 potions of brilliance
 h - 2 potions of magic
 j - 5 potions of flight
 m - 5 potions of haste
 q - 4 potions of curing
 s - 3 potions of heal wounds
 B - a potion of invisibility
 C - 4 potions of might
 D - 8 potions of lignification
 J - 3 potions of ambrosia
 M - 4 potions of attraction
 U - a potion of mutation
 W - 2 potions of cancellation


   Skills:
 + Level 16.0 Fighting
 + Level 16.0 Long Blades
 + Level 12.4 Armour
 + Level 14.8 Dodging
 + Level 12.5 Stealth
 + Level 11.5 Invocations


You had 15 spell levels left.
You didn't know any spells.
Your spell library contained the following spells:

 Spells                   Type           Power      Damage    Failure   Level
 Foxfire                  Conj/Fire      0%         2x1d4     86%         1
 Magic Dart               Conj           0%         1d3       86%         1
 Pain                     Necr           0%         1d4       86%         1
 Sandblast                Erth           0%         2d4       86%         1
 Sting                    Tmut/Pois      0%         1d3       86%         1
 Blink                    Tloc           N/A        N/A       95%         2
 Call Imp                 Summ           0%         N/A       95%         2
 Passwall                 Tmut/Erth      0%         N/A       95%         2
 Poisonous Vapours        Pois/Air       0%         N/A       95%         2
 Static Discharge         Conj/Air       0%         N/A       95%         2
 Conjure Flame            Conj/Fire      0%         6-21      99%         3
 Inner Flame              Hex/Fire       0%         N/A       99%         3
 Mephitic Cloud           Conj/Pois/Air  0%         N/A       99%         3
 Ozocubu's Armour         Ice            0%         N/A       99%         3
 Portal Projectile        Hex/Tloc       0%         N/A       99%         3
 Summon Guardian Golem    Hex/Summ       0%         N/A       99%         3
 Swiftness                Air            0%         N/A       99%         3
 Tukima's Dance           Hex            0%         N/A       99%         3
 Animate Dead             Necr           0%         N/A       100%        4
 Hailstorm                Conj/Ice       0%         3d3       100%        4
 Ice Form                 Ice/Tmut       0%         N/A       100%        4
 Olgreb's Toxic Radiance  Pois           0%         N/A       100%        4
 Agony                    Necr           0%         N/A       100%        5
 Blade Hands              Tmut           0%         N/A       100%        5
 Borgnjor's Vile Clutch   Necr/Erth      0%         N/A       100%        5
 Excruciating Wounds      Necr           0%         N/A       100%        5
 Lee's Rapid Deconstruct  Erth           0%         3d5*      100%        5
 Lightning Bolt           Conj/Air       0%         1d11      100%        5
 Manifold Assault         Tloc           0%         N/A       100%        5
 Summon Mana Viper        Hex/Summ       0%         N/A       100%        5
 Death Channel            Necr           0%         N/A       100%        6
 Invisibility             Hex            0%         N/A       100%        6
 Simulacrum               Ice/Necr       0%         N/A       100%        6
 Ozocubu's Refrigeration  Ice            0%         4d5       100%        7
 Storm Form               Tmut/Air       0%         N/A       100%        7
 Maxwell's Capacitive Co  Air            0%         ∞         100%        8


Dungeon Overview and Level Annotations

Branches:
Dungeon (15/15)            Temple (0/1) D:7            Lair (6/6) D:8
  Swamp (0/4) Lair:4       Spider (0/4) Lair:3        Slime (0/5) Lair:6
    Orc (2/2) D:11            Elf (2/3) Orc:2        Vaults (0/5) D:14
 Depths (0/5) D:15        Volcano (visited)

Altars:
Dithmenos
Elyvilon
Fedhas
Gozag
Hepliaklqana
Kikubaaqudgha
Makhleb
Nemelex Xobeh
Okawaru
Qazlal
Ru
Trog
Vehumet
Wu Jian
Zin
The Shining One
Beogh
Jiyva

Shops:
D:13 (   Orc:2 *(:[*([=   Elf:2 =

Portals:
Hell: Lair:6

Annotations:
D:8 1 runed translucent door, vajaazio's ghost, novice GrWn
Lair:5 exclusion: 2 oklob plants
Orc:1 Fannar


Innate Abilities, Weirdness & Mutations

Your life essence is reduced to manifest your ancestor. (-10% HP)
You have a pair of horns on your head.
You reflexively headbutt those who attack you in melee.
You have an increased reservoir of magic. (+10% MP)


Message History

You hit the +2 bardiche of venom.
You headbutt the +2 bardiche of venom, but do no damage.
The +2 bardiche of venom is heavily damaged.
You feel very sick.
The +4 hand axe of electrocution hits you but does no damage.
The +4 hand axe of electrocution hits Wilfreda!
The +2 bardiche of venom hits you!!
You are more poisoned.
Wilfreda hits the +4 hand axe of electrocution with a +0 quarterstaff!
The deep elf zephyrmancer gestures at you while chanting.
The bolt of lightning misses the +2 bardiche of venom.
The bolt of lightning hits you. You resist.
The +4 hand axe of electrocution hits you but does no damage.
The +4 hand axe of electrocution hits Wilfreda.
You feel extremely sick.
The +2 bardiche of venom completely misses you.
Wilfreda hits the +4 hand axe of electrocution with a +0 quarterstaff!!
The +4 hand axe of electrocution falls from the air.
The +2 halberd of protection barely misses you.
You feel extremely sick.
Wilfreda hits the +2 bardiche of venom but does no damage.
Things that are here:
a +0 antimagic short sword; a +4 short sword of speed
As you read the scroll of teleportation, it crumbles to dust.
You feel strangely unstable.
You feel very sick.
The +2 halberd of protection hits you but does no damage.
The +2 bardiche of venom hits you from afar!
* * * LOW HITPOINT WARNING * * *
You are lethally poisoned!
Wilfreda hits the +2 bardiche of venom with a +0 quarterstaff.
A deep elf knight comes into view. It is wielding a +0 long sword.
The +2 halberd of protection hits you from afar!
* * * LOW HITPOINT WARNING * * *
You feel better.
The +2 bardiche of venom hits Wilfreda!!
Wilfreda casts a spell at the +2 bardiche of venom.
The bolt of magma misses the +2 bardiche of venom.
The +2 halberd of protection hits you from afar!!
You die...

.....# ...e... #.....#
.#...# #......#.......
#.#### ....#....#.....e..
.....# .....#..#.........
#.##.# #..... #..........
#.##.###.....##..R)......
#.##.##.....#..#.((......
#.##.##....#....#........
#.##.##...#.....@#)......
#.##.##..#...)..).#.....#
#....##.#..........#...#.
#....# #............###..
.^.### #............# .
#..# ##............# ...#
#.#..........#.. #..#
#..#........#....
...####...#......#.....


You could see the friendly Wilfreda the battlemage, a deep elf knight and 2
dancing weapons.

Vanquished Creatures
  Rupert (D:11)
  Kirke (D:14)
  A deep elf elementalist (Elf:1)
  Nessos (D:13)
  Snorg (D:13)
  A deep elf high priest (Elf:1)
  6 boulder beetles
  2 vault guards (D:14)
  An ogre mage (D:15)
  A catoblepas (Lair:4)
  5 centaur warriors
  3 two-headed ogres
  A hydra (Lair:6)
  19 dancing weapons
  A death yak (Lair:1)
  Urug (D:13)
  An orc high priest (Orc:2)
  A sun demon (Lair:6)
  3 deep elf knights
  Nergalle (Orc:2)
  6 deep elf archers
  A lindwurm (Lair:5)
  4 wizards
  21 deep elf pyromancers
  15 deep elf zephyrmancers
  A necromancer (D:14)
  3 manticores
  2 orc knights
  An orc sorcerer (Orc:2)
  6 elephants
  8 ugly things
  4 cyclopes
  A salamander (Volcano)
  A fire giant skeleton (D:15)
  A molten gargoyle (Volcano)
  A water nymph (shapeshifter) (Elf:1)
  4 black mambas
  2 gargoyles
  An orange demon (Lair:6)
  11 cane toads
  6 rime drakes
  A guardian mummy (D:14)
  2 komodo dragons
  A freezing wraith (D:11)
  2 ice devils (Lair:6)
  A jumping spider (Lair:3)
  6 trolls
  A blink frog (shapeshifter) (D:14)
  4 slime creatures (D:13)
  18 blink frogs
  A deep troll skeleton (D:15)
  A shadow (D:13)
  2 wyverns
  A wraith (D:9)
  2 spriggans (Lair:3)
  3 water elementals
  Eustachio (D:6)
  4 fire elementals (Elf:2)
  A redback (Lair:3)
  A human (shapeshifter) (D:14)
  26 yaks
  15 humans (D:14)
  3 steam dragons
  Menkaure (D:6)
  3 basilisks
  A warg (Orc:2)
  2 vampire mosquitoes (D:13)
  Duvessa (D:3)
  2 hell hounds (Lair:6)
  12 water moccasins
  16 orc warriors
  2 black bears
  An ice beast (D:5)
  8 ogres
  14 wolves
  10 centaurs
  2 phantoms
  2 kobold brigands (D:7)
  8 bullfrogs
  A wyvern zombie (D:8)
  A water moccasin skeleton (D:3)
  A wight (D:7)
  5 killer bees
  2 electric eels
  2 howler monkeys
  2 hounds
  2 bullfrog zombies (D:7)
  10 orc priests
  A bullfrog skeleton (D:6)
  2 iguanas
  A jelly (D:7)
  A gnoll shaman (D:3)
  9 orc wizards
  A howler monkey zombie (D:8)
  5 gnolls
  5 adders
  A shadow imp (D:7)
  2 white imps (D:7)
  2 ufetubi
  2 worms
  3 dart slugs
  29 orcs
  9 ball pythons
  7 bats
  6 endoplasms
  3 giant cockroaches
  7 goblins
  11 hobgoblins
  6 jackals
  3 quokkas
  12 frilled lizards
  12 kobolds
  3 rats (D:2)
503 creatures vanquished.

Vanquished Creatures (collateral kills)
  A caustic shrike skeleton (D:15)
  A death knight (D:10)
  A hydra (Lair:5)
  A boulder beetle (D:15)
  3 two-headed ogres
  6 dancing weapons (Elf:2)
  4 death yaks
  Erica (Orc:1)
  A tengu warrior (D:11)
  2 deep elf knights
  A skeletal warrior (D:14)
  A flayed ghost (D:15)
  Pikel (D:5)
  A wizard (D:14)
  3 deep elf archers (Elf:2)
  3 deep elf pyromancers
  4 deep elf zephyrmancers
  4 ugly things
  2 orc knights (Orc:2)
  2 necromancers (D:14)
  2 manticores
  4 salamanders (Volcano)
  A fire giant zombie (D:15)
  11 elephants
  3 cyclopes
  A black mamba (Lair:1)
  A smoke demon (Lair:6)
  A centaur zombie (D:11)
  2 molten gargoyles (Volcano)
  2 gargoyles
  A kobold demonologist (D:9)
  4 rime drakes
  4 cane toads
  5 komodo dragons
  An efreet (Volcano)
  An unseen horror (D:8)
  An ice devil (Lair:5)
  2 freezing wraiths
  2 red devils (Lair:6)
  2 jumping spiders (Lair:3)
  A hornet (D:5)
  Grinder (D:4)
  A slime creature (D:13)
  9 blink frogs
  A meliai zombie (D:11)
  2 vampires
  A shadow (D:10)
  A redback (Lair:3)
  4 spriggans
  2 air elementals (Elf:1)
  A basilisk (shapeshifter) (Elf:1)
  A wyvern (Lair:3)
  3 humans (D:14)
  5 wraiths
  15 yaks
  A basilisk (Lair:6)
  A warg (Orc:2)
  8 water moccasins
  8 orc warriors
  A hell hound (Lair:6)
  Purgy (D:4)
  An ice beast (D:7)
  2 sky beasts (D:7)
  2 black bears
  2 necrophages (D:5)
  2 centaurs
  8 wolves
  A kobold brigand (D:9)
  A bullfrog (D:6)
  A gnoll sergeant (D:10)
  Blork the orc (D:4)
  A scorpion (D:5)
  Dowan (D:4)
  5 killer bees
  4 electric eels
  5 orc priests
  A hound (D:5)
  2 iguanas
  6 orc wizards
  A scorpion zombie (D:5)
  A gnoll (D:10)
  2 adders (D:6)
  A shadow imp (D:7)
  11 orcs
  A ball python (D:4)
  An endoplasm (D:4)
  2 goblins (D:11)
  3 kobolds
231 creatures vanquished.

Vanquished Creatures (others)
  A deep elf knight (Elf:2)
  A wizard (Volcano)
  An orc knight (Volcano)
  An unseen horror (D:12)
  A human (D:14)
  An ice beast (D:7)
  32 battlemagi
  2 orcs (D:8)
  11 fungi
  40 plants
  3 withered plants (D:15)
94 creatures vanquished.

Grand Total: 828 creatures vanquished

Notes
Turn   | Place    | Note
-------+----------+-------------------------------------------
     0 | D:1      | Anon1729 the Minotaur Monk began the quest for the Orb.
     0 | D:1      | Reached XP level 1. HP: 19/19 MP: 0/0
   136 | D:1      | Reached XP level 2. HP: 27/27 MP: 1/1
   600 | D:1      | Found a faded altar of an unknown god.
   871 | D:2      | Reached XP level 3. HP: 28/33 MP: 2/2
  1802 | D:2      | Reached XP level 4. HP: 39/41 MP: 3/3
  2205 | D:3      | Found a glowing silver altar of Zin.
  2908 | D:3      | Reached XP level 5. HP: 32/47 MP: 4/4
  2915 | D:3      | Reached skill level 5 in Long Blades
  3207 | D:3      | Found a radiant altar of Vehumet.
  3207 | D:3      | Found a blossoming altar of Fedhas.
  3220 | D:3      | Reached skill level 5 in Fighting
  3282 | D:3      | Found a burning altar of Makhleb.
  3567 | D:3      | Reached XP level 6. HP: 34/56 MP: 5/5
  3811 | D:4      | Noticed Duvessa
  3811 | D:4      | Noticed Dowan
  3964 | D:4      | Noticed Grinder
  3966 | D:4      | Paralysed by Grinder for 3 turns
  3976 | D:4      | Paralysed by Grinder for 2 turns
  4133 | D:1      | Became a worshipper of Hepliaklqana the Forgotten
  4133 | D:1      | Reached * piety under Hepliaklqana
  4133 | D:1      | Reached ** piety under Hepliaklqana
  4134 | D:1      | Remembered your ancestor Wilfreda as a battlemage
  4207 | D:4      | Noticed Blork the orc
  4210 | D:4      | Killed Dowan
  4503 | D:3      | Killed Duvessa
  4504 | D:3      | Reached skill level 5 in Dodging
  4740 | D:4      | Killed Blork the orc
  4942 | D:4      | Noticed Purgy
  4949 | D:4      | Killed Purgy
  4950 | D:4      | Reached XP level 7. HP: 34/55 MP: 6/6
  5082 | D:4      | Found a shadowy altar of Dithmenos.
  5390 | D:4      | Reached *** piety under Hepliaklqana
  5392 | D:4      | Killed Grinder
  5442 | D:4      | Found a hazy altar of Hepliaklqana.
  5702 | D:4      | Found a stormy altar of Qazlal.
  5795 | D:5      | Entered Level 5 of the Dungeon
  5859 | D:5      | Identified the +0 leather armour of Bespelled Freedom
                  | {-Tele rF+ Dex+4}
  5906 | D:5      | Found an opulent altar of Gozag.
  5910 | D:5      | Reached XP level 8. HP: 61/63 MP: 7/7
  5940 | D:5      | Noticed a hornet
  5947 | D:5      | Paralysed by a hornet for 1 turns
  5948 | D:5      | Killed a hornet
  6050 | D:5      | Noticed Pikel
  6061 | D:5      | Killed Pikel
  6062 | D:5      | Reached skill level 5 in Stealth
  6276 | D:5      | Reached XP level 9. HP: 62/72 MP: 8/8
  6300 | D:6      | Noticed Eustachio
  6316 | D:6      | Killed Eustachio
  6490 | D:6      | Noticed Menkaure
  6499 | D:6      | Killed Menkaure
  7211 | D:7      | Noticed a deep elf pyromancer
  7259 | D:7      | Killed a deep elf pyromancer
  7426 | D:7      | Found a sacrificial altar of Ru.
  7486 | D:7      | Reached **** piety under Hepliaklqana
  7540 | D:7      | Found a sparkling altar of Nemelex Xobeh.
  7581 | D:7      | Reached XP level 10. HP: 81/81 MP: 9/9
  7790 | D:7      | Found a staircase to the Ecumenical Temple.
  8222 | D:8      | Found a runed translucent door.
  8224 | D:8      | Noticed vajaazio's ghost (novice GrWn)
  8319 | D:8      | Found an ancient bone altar of Kikubaaqudgha.
  8430 | D:8      | Reached skill level 1 in Invocations
  8488 | D:8      | Reached skill level 10 in Fighting
  8488 | D:8      | Reached skill level 10 in Long Blades
  8531 | D:8      | Found a staircase to the Lair.
  8756 | D:8      | Found a bloodstained altar of Trog.
  8762 | D:8      | Identified the ring "Gifiar" {Contam rN+ Will+ Dex+4}
  8876 | D:8      | Reached ***** piety under Hepliaklqana
  9209 | D:9      | Found an ornate altar of the Wu Jian Council.
  9271 | D:9      | Noticed a two-headed ogre
  9286 | D:9      | Killed a two-headed ogre
  9321 | D:9      | Reached XP level 11. HP: 38/90 MP: 12/12
  9403 | D:9      | Identified the +2 pair of boots "Jiexo" {+Blink Int+2}
  9698 | D:9      | Noticed a two-headed ogre
  9705 | D:9      | Killed a two-headed ogre
  9706 | D:9      | Reached skill level 10 in Dodging
 10082 | D:10     | Entered Level 10 of the Dungeon
 10180 | D:10     | Noticed a two-headed ogre
 10189 | D:10     | Killed a two-headed ogre
 10259 | D:10     | Found a glowing golden altar of the Shining One.
 11044 | D:11     | Found an iron altar of Okawaru.
 11077 | D:11     | Reached skill level 1 in Armour
 11255 | D:11     | Reached skill level 5 in Invocations
 11349 | D:11     | Found a staircase to the Orcish Mines.
 11508 | D:11     | Noticed a death knight
 11900 | Lair:1   | Entered Level 1 of the Lair of Beasts
 11905 | Lair:1   | You fall into a shaft and drop 1 floor!
 11913 | Lair:2   | Noticed a death yak
 11917 | Lair:2   | Noticed a death yak
 11918 | Lair:2   | Noticed a death yak
 11918 | Lair:2   | Noticed a death yak
 11965 | Lair:2   | Reached XP level 12. HP: 58/99 MP: 15/15
 12278 | Lair:1   | Identified the ring of the Yeti {rElec Will+ Dex+4}
 13275 | Lair:2   | Noticed a death yak
 13359 | Lair:1   | Killed a death yak
 13374 | Lair:1   | Killed a death yak
 13575 | Lair:2   | Killed a death yak
 13606 | Lair:2   | Killed a death yak
 13685 | Lair:2   | Killed a death yak
 13867 | Lair:2   | Reached skill level 5 in Armour
 14111 | Lair:3   | Reached ****** piety under Hepliaklqana
 14366 | Lair:3   | Reached XP level 13. HP: 89/107 MP: 17/17
 14568 | Lair:3   | Found a hole to the Spider Nest.
 14880 | Lair:4   | Found a white marble altar of Elyvilon.
 15391 | Lair:4   | Found a staircase to the Swamp.
 15480 | Lair:4   | Reached skill level 10 in Stealth
 16567 | Lair:6   | Entered Level 6 of the Lair of Beasts
 16812 | Lair:6   | Found a dark tunnel.
 16821 | Volcano  | Entered a volcano
 17151 | Volcano  | Reached XP level 14. HP: 77/116 MP: 19/19
 17195 | Volcano  | Noticed an orb of fire
 17225 | Volcano  | Noticed an orb of fire
 17510 | Lair:6   | Found a staircase to the Slime Pits.
 17510 | Lair:6   | Found a viscous altar of Jiyva.
 17849 | Lair:6   | Found a burning altar of Makhleb.
 18637 | Lair:6   | Found a gateway to Hell.
 19197 | D:12     | Noticed Rupert
 20086 | D:11     | Killed Rupert
 20159 | D:13     | Found Ofapn's Weapon Boutique.
 20201 | D:13     | Noticed Nessos
 20222 | D:13     | Killed Nessos
 20238 | D:13     | Noticed Snorg
 20240 | D:13     | Noticed Urug
 20257 | D:13     | Killed Urug
 20258 | D:13     | Reached XP level 15. HP: 56/125 MP: 21/21
 20493 | D:13     | Killed Snorg
 20793 | D:14     | Reached skill level 10 in Armour
 20871 | D:14     | Noticed Kirke
 20881 | D:14     | Killed Kirke
 21414 | D:14     | Reached skill level 10 in Invocations
 21436 | D:14     | Found a gate to the Vaults.
 21844 | D:14     | Identified the +8 rapier of Putrescence {holy, +Rage Will+
                  | Str+4}
 21848 | D:15     | Entered Level 15 of the Dungeon
 21848 | D:15     | Found a staircase to the Depths.
 22168 | D:15     | Reached skill level 15 in Long Blades
 22180 | D:15     | Reached skill level 15 in Fighting
 22646 | Orc:1    | Entered Level 1 of the Orcish Mines
 22646 | Orc:1    | Noticed Erica
 22652 | Orc:1    | Killed Erica
 22806 | Orc:2    | Entered Level 2 of the Orcish Mines
 22840 | Orc:2    | Found Xeush's Armour Shop.
 22902 | Orc:2    | Found Qumy's Jewellery Boutique.
 22925 | Orc:2    | Bought the ring of Ipuz {rF+ rC+ AC+4 Dex+3 Stlth+} for 727
                  | gold pieces
 22944 | Orc:2    | Gained mutation: You have an increased reservoir of magic.
                  | (+10% MP) [mutagenic glow]
 23101 | Orc:2    | Found a staircase to the Elven Halls.
 23130 | Orc:2    | Found Ucva Bee's General Store.
 23139 | Orc:2    | Bought a scroll of amnesia for 52 gold pieces
 23143 | Orc:2    | Found Beruq's Antique Weapon Shop.
 23221 | Orc:2    | Noticed Nergalle
 23251 | Orc:2    | Killed Nergalle
 23309 | Orc:2    | Noticed an orc warlord
 23345 | Orc:1    | Noticed Fannar
 23570 | Orc:2    | Reached XP level 16. HP: 124/134 MP: 25/25
 23636 | Orc:2    | Found Wyr Tod's Antique Armour Shoppe.
 23642 | Orc:2    | Found Okhiut's Antique Weapon Shoppe.
 23690 | Orc:2    | Bought an ichor-stained chain mail for 190 gold pieces
 23690 | Orc:2    | Identified the +4 chain mail of the Desert {rF+ Will+
                  | Regen+ Str+4} (You bought it in a shop on level 2 of the
                  | Orcish Mines)
 23690 | Orc:2    | Bought a steaming scale mail for 180 gold pieces
 23690 | Orc:2    | Identified the +1 scale mail "Jotzed" {+Blink rPois rF+}
                  | (You bought it in a shop on level 2 of the Orcish Mines)
 23916 | Orc:2    | Found Xaly's General Store.
 23932 | Orc:2    | Found Lenuyng's Book Shoppe.
 24060 | Elf:1    | Entered Level 1 of the Elven Halls
 24255 | Elf:1    | Paralysed by an air elemental for 1 turns
 24817 | Elf:1    | Paralysed by an air elemental for 1 turns
 25164 | Elf:2    | Found Eliosypi's Jewellery Shop.
 25249 | Elf:2    | Got the Incunabulum of Curses
 25868 | Elf:2    | Found a runed translucent gate.
 25868 | Elf:2    | Found a runed translucent gate.
 25868 | Elf:2    | Found a runed translucent gate.
 26619 | Elf:2    | Slain by a +2 halberd of protection

Illustrated notes

Levels and vault maps discovered:
D:1:      elethiomel_arrival_quiet, layout_rooms,
          shapermc_ecumenical_altar_mp_vishouse, minivault_27, nrook_campfire,
          minmay_misc_feat_cross, minmay_split_cup_small
D:2:      layout_basic, minmay_lizard_pond
D:3:      minmay_chambers_of_threes, layout_basic, general_overflow_altar,
          gammafunk_temple_overflow_claw, serial_curves, eino_curves_02,
          eino_curves_02
D:4:      layout_loops_corners, nicolae_hepliaklqana_hippocampus,
          lemuel_round_altar, nicolae_dithmenos_shadow_blocks,
          minmay_misc_feat_room, corner_web_ring, chequers_mini_garden,
          uniq_purgy, uniq_duvessa, uniq_blork_the_orc, uniq_grinder
D:5:      layout_rooms, grunt_gozag_breadcrumbs, uniq_pikel
D:6:      layout_basic, uniq_eustachio, uniq_menkaure
D:7:      nzn_winding_woodlands_cross [nzn_winding_woodlands_5x15_split_checker,
          nzn_winding_woodlands_5x15_longhouse,
          nzn_winding_woodlands_5x15_river_crossing,
          nzn_winding_woodlands_5x15_concentric,
          nzn_winding_woodlands_15x15_eel_pit], layout_loops_corners,
          nicolae_ru_awakened_eye, nemelex_diamond_rough_becter,
          minmay_temple_entry_grid, serial_glass, glass_columns_c,
          glass_columns_c, glass_columns_a, glass_columns_b, glass_columns_c,
          glass_columns_a, st_stairs_10, hangedman_decor_slide_cut
D:8:      layout_loops_ring, trog_three_pillars_becter,
          mainiacjoe_overflow_alcove_2, dpeg_oklobed_lair,
          ebering_ghost_reflecting_pool
D:9:      layout_roguey, nicolae_wu_jian_wuxing_cycle,
          minmay_fractal_squares_gapless_7
D:10:     layout_loops_ring, tso_altar
D:11:     layout_small_grid, orc_0_dummy, kennysheep_okawaru_gauntlet
D:12:     layout_big_octagon, uniq_rupert
D:13:     layout_cave_pools, serial_shops, shop_statue, serial_bayou,
          serial_bayou_pond_d, serial_bayou_pond_b, serial_bayou_lagoon_a,
          serial_bayou_pond_a, uniq_snorg, uniq_nessos, uniq_urug
D:14:     layout_gridville, grunt_vaults_entry_tiered, uniq_kirke
D:15:     gammafunk_depths_entry_grave, layout_rooms, serial_park_tiny_2,
          minivault_25_ag, solitary_fountain
Lair:1:   layout_cellular_growth, serial_bayou_shore_b
Lair:2:   layout_big_grid
Lair:3:   layout_cave_shapes, nicolae_spider_entry_tight_spaces, wad_woods_01
Lair:4:   layout_gridlike, minmay_swamp_entry_eels, basic_altar,
          grunt_megastairs_5
Lair:5:   layout_hall_layers, serial_bayou_shore_a, infiniplex_staircase_pool,
          lemuel_fruit_tree, minmay_lair_oklob_chamber
Lair:6:   evil_forest, layout_regular_city, slime_altar_1,
          nicolae_volcano_entry_hallway, nzn_sisyphean_effort
Orc:1:    layout_caves, uniq_erica, uniq_fannar
Orc:2:    grunt_orc_cross, layout_diamond_mine, serial_shops,
          nicolae_shop_statue_plus, nicolae_shop_stone, shop_statue, shop,
          nicolae_orc_tapped_out
Elf:1:    eino_elf_arrival_the_gate, layout_gridlike,
          kennysheep_underground_church, st_stairs_10
Elf:2:    nicolae_elf_blades_splatter_lattice [nicolae_blade_bullseye],
          layout_loops_corners, serial_co_window_serial, co_window_paths_b,
          co_window_corner_a, co_window_paths_b, co_window_paths_a,
          co_window_paths_b, co_window_corner_a, co_window_corner_a,
          co_window_of_opportunity_a, co_window_corner_a, glass_columns_c,
          glass_columns_a, glass_columns_c, minmay_shop_enchanted_jewellery

Skill      XL: |  1  2  3  4  5  6  7  8  9 10 11 12 13 14 15 16 |
---------------+-------------------------------------------------+-----
Fighting       | 4 5 6 8 9 10 11 12 13 14 15 16 | 16.0
Long Blades    | 4 5 6 8 9 10 11 12 13 14 15 16 | 16.0
Stealth        | 2 3 4 5 6 7 8 9 10 11 12 | 12.5
Dodging        | 4 5 6 7 8 9 10 11 12 13 14 | 14.8
Invocations    | 3 5 6 8 9 10 11 | 11.5
Armour         | 2 5 7 9 11 12 | 12.4

Action                   |  1- 3 |  4- 6 |  7- 9 | 10-12 | 13-15 | 16-18 || total
-------------------------+-------+-------+-------+-------+-------+-------++-------
Melee: Falchion          |    37 |       |       |       |       |       ||    37
       Headbutt          |    12 |    16 |    39 |   160 |   357 |    78 ||   662
       Long sword        |    33 |    99 |   147 |   473 |   586 |       ||  1338
       Great sword       |       |       |       |       |   330 |   222 ||   552
Invok: Ancestor Life: Ba |       |     1 |       |       |       |       ||     1
       Recall Ancestor   |       |       |       |     5 |     6 |       ||    11
       Idealise          |       |       |       |       |     1 |       ||     1
 Abil: Evoke Blink       |       |       |       |       |     4 |       ||     4
Evoke: Wand              |       |       |       |     4 |     4 |       ||     8
  Use: Scroll            |       |       |     5 |    12 |    11 |     1 ||    29
       Potion            |       |       |     1 |     1 |     3 |     1 ||     6
 Stab: Sleeping          |     7 |     6 |     6 |    18 |    24 |     3 ||    64
       Distracted        |       |       |     1 |     7 |    20 |     5 ||    33
Armor: Robe              |    13 |    19 |       |       |       |       ||    32
       Troll leather arm |       |       |    39 |    89 |   221 |     2 ||   351
       Chain mail        |       |       |       |       |       |    94 ||    94
Dodge: Dodged            |    67 |    71 |   119 |   387 |   892 |   182 ||  1718
       Rpst.: Falchion   |     8 |       |       |       |       |       ||     8
       Long sword        |    14 |    19 |    29 |   102 |   129 |       ||   293
       Great sword       |       |       |       |       |    76 |    34 ||   110

Table legend: (Time is in decaauts)
 A = Elapsed time spent in this place.
 B = Non-inter-level travel time spent in this place.
 C = Inter-level travel time spent in this place.
 D = Time resting spent in this place.
 E = Time spent auto-exploring this place.
 F = Levels seen in this place.
 G = Mean time per level.
                   A        B        C        D        E       F      G
               +--------+--------+--------+--------+--------+-----+--------+
         Total |  26445 |  24879 |   1566 |   2632 |  16787 |  26 | 1017.1 |
       Dungeon |  15654 |  14601 |   1053 |   1613 |  10369 |  15 | 1043.6 |
          Lair |   6313 |   5904 |    409 |    480 |   3815 |   6 | 1052.2 |
  Orcish Mines |   1407 |   1326 |     81 |      2 |    981 |   2 |  703.5 |
   Elven Halls |   2542 |   2520 |     22 |    425 |   1487 |   2 | 1271.0 |
       Volcano |    527 |    527 |      0 |    111 |    135 |   1 |  527.0 |
               +--------+--------+--------+--------+--------+-----+--------+

Top non-repeatable levels by time:
     D:3: 2277 daAuts
   Elf:2: 1507 daAuts
     D:2: 1393 daAuts
  Lair:6: 1271 daAuts
    D:14: 1271 daAuts
     D:4: 1242 daAuts
     D:7: 1233 daAuts
  Lair:2: 1196 daAuts
    D:11: 1196 daAuts
  Lair:5: 1161 daAuts
    D:10: 1127 daAuts
   Orc:2: 1043 daAuts
     D:9: 1039 daAuts
   Elf:1: 1035 daAuts
  Lair:1: 1032 daAuts
